 Dungeon Crawl Stone Soup version 0.30-a0-694-g3340775977 (webtiles) character file.

Game seed: 2547157934854117272

73 Dartaoz the Shooter (level 4, -4/22 HPs)
             Began as a Spriggan Hunter on Jan 20, 2023.
             Killed from afar by Sigmund (11 damage)
             ... with a puff of flame
             ... on level 2 of the Dungeon.
             The game lasted 00:03:00 (996 turns).

Dartaoz the Shooter (Spriggan Hunter)                Turns: 996, Time: 00:03:01

Health: -4/22      AC:  2    Str:  7    XL:     4   Next: 8%
Magic:  5/5        EV: 18    Int: 10    God:
Gold:   106        SH:  0    Dex: 20    Spells: 3/3 levels left

rFire   . . .      SeeInvis +    a - +0 shortbow
rCold   . . .      Faith    .    (shield currently unavailable)
rNeg    . . .      Spirit   .    c - +0 robe
rPois   .          Reflect  .    (helmet restricted)
rElec   .          Harm     .    (no cloak)
rCorr   .          Rampage  .    (gloves unavailable)
Will    .....                    (boots unavailable)
Stlth   +                        (no amulet)
HPRegen 0.23/turn                (no ring)
MPRegen 0.09/turn                (no ring)

@: confused, very quick
A: very small, no large weapons, unfitting armour, see invisible, speed 3
a: no special abilities


You were on level 2 of the Dungeon.
You visited 1 branch of the dungeon, and saw 2 of its levels.

You collected 106 gold pieces.

Inventory:

Hand Weapons
 a - a +0 shortbow (weapon)
Armour
 c - a +0 robe (worn)
Scrolls
 b - 3 scrolls of immolation
 d - a scroll of poison {unknown}
 g - a scroll of blinking {unknown}
 h - 4 scrolls of identify {unknown}
 j - a scroll of fear {unknown}
 l - a scroll of summoning {unknown}
Potions
 e - a potion of lignification {unknown}
 f - 3 potions of haste {unknown}
 i - a potion of mutation {unknown}
 k - a potion of cancellation {unknown}
 m - a potion of heal wounds {unknown}


   Skills:
 - Level 1.5 Fighting
 + Level 5.6 Ranged Weapons
 - Level 2.6 Dodging
 - Level 1.5 Stealth


You had 3 spell levels left.
You didn't know any spells.
Your spell library was empty.

Dungeon Overview and Level Annotations

Branches:
Dungeon (2/15)

Altars:
The Shining One

Annotations:
D:2 Sigmund


Innate Abilities, Weirdness & Mutations

You are very small and have problems with some larger weapons.
You are too small for most types of armour.
You have supernaturally acute eyesight. (SInv)
You cover ground extremely quickly. (Speed+++)


Message History

You shoot an arrow.
You feel less confused. Sigmund misses you.
Sigmund gestures at you while chanting.
You are confused.
You're too confused to move!
You bump into the rock wall.
Sigmund gestures at you while chanting. The magic dart hits you!
You bump into the rock wall.
Sigmund breathes a few words.
Sigmund's hands start flickering wildly.
You're too confused to move!
Sigmund screams, "Only death can liberate you!"
Sigmund casts a spell at you. The magic dart hits you.
You bump into the rock wall.
You feel less confused.
Sigmund hits you from afar with a +0 scythe!
* * * LOW HITPOINT WARNING * * *
Sigmund misses you.
You are too injured to fight recklessly!
Fire: a) +0 shortbow
Press: ? - help, Q - select action Shift-Dir - straight line, f/p - Sigmund
Aim: Sigmund, wielding a +0 scythe and wearing a +0 robe (heavily wounded, 61% to hit)
You shoot an arrow.
The arrow hits Sigmund but does no damage.
Sigmund is heavily wounded.
Fire: a) +0 shortbow
Press: ? - help, Q - select action Shift-Dir - straight line, f/p - Sigmund
Aim: Sigmund, wielding a +0 scythe and wearing a +0 robe (heavily wounded, 61% to hit)
You shoot an arrow. The arrow closely misses Sigmund.
Sigmund points at you and mumbles some strange words.
You are confused.
You're too confused to move!
You bump into the rock wall.
Sigmund casts a spell at you. The puff of flame hits you!
Ouch! That really hurt!
You die...

._... ..... # ... #. #.# ...
.. #.# #.####### #.#
###.##..... #.# ##.#.##.####
#.# ########........... #.#
#.@............###.
##.####.####.##.#..).###.
###....##............#.....
#.#.....#.#.####.##.#........
#........##.#####.#.#....###.
#......#.##@.....#...#.### #.
##.....#.##.####.##...#. ..
##...##@##.# #.#####.## ###
##.# #.##.# #.# ..


You could see Sigmund.

Vanquished Creatures
  4 adders (D:2)
  3 bats (D:1)
  5 endoplasms
  4 giant cockroaches
  4 goblins
  3 hobgoblins
  A quokka (D:2)
  3 ball pythons
  7 kobolds
  2 rats (D:1)
36 creatures vanquished.

Notes
Turn   | Place    | Note
-------+----------+-------------------------------------------
     0 | D:1      | Dartaoz the Spriggan Hunter began the quest for the Orb.
     0 | D:1      | Reached XP level 1. HP: 10/10 MP: 2/2
   254 | D:1      | Reached XP level 2. HP: 14/14 MP: 3/3
   642 | D:2      | Reached skill level 5 in Ranged Weapons
   647 | D:2      | Reached XP level 3. HP: 18/18 MP: 4/4
   662 | D:2      | Found a faded altar of an unknown god.
   919 | D:2      | Found a glowing golden altar of the Shining One.
   951 | D:2      | Reached XP level 4. HP: 22/22 MP: 5/5
   957 | D:2      | Noticed Sigmund
   996 | D:2      | Killed from afar by Sigmund

Illustrated notes

Levels and vault maps discovered:
D:1:      kennysheep_arrival_seaside, layout_basic
D:2:      layout_loops_ring, basic_altar,
          shapermc_ecumenical_altar_totnotflames, uniq_sigmund

Skill      XL: |  1  2 |
---------------+-------+-----
Ranged Weapons | 5 |  5.6
Fighting       | |  1.5
Dodging        | |  2.6
Stealth        | |  1.5

Action                   |  1- 3 |  4- 6 || total
-------------------------+-------+-------++-------
 Fire: Shortbow          |    85 |    13 ||    98
Armor: Robe              |     1 |       ||     1
Dodge: Dodged            |    25 |     5 ||    30

Table legend: (Time is in decaauts)
 A = Elapsed time spent in this place.
 B = Non-inter-level travel time spent in this place.
 C = Inter-level travel time spent in this place.
 D = Time resting spent in this place.
 E = Time spent auto-exploring this place.
 F = Levels seen in this place.
 G = Mean time per level.
                   A        B        C        D        E       F      G
               +--------+--------+--------+--------+--------+-----+--------+
         Total |    682 |    649 |     33 |      0 |    464 |   2 |  341.0 |
       Dungeon |    682 |    649 |     33 |      0 |    464 |   2 |  341.0 |
               +--------+--------+--------+--------+--------+-----+--------+

Top non-repeatable levels by time:
     D:1: 420 daAuts
     D:2: 262 daAuts
